 Dungeon Crawl Stone Soup version 0.29.1-15-g9cfb28693d (webtiles) character file.

Game seed: 6408919883354882661

111 protoss039 the Digger (level 4, -3/33 HPs)
             Began as a Demonspawn Earth Elementalist on Mar 13, 2023.
             Slain by a goblin
             ... wielding a +0 club
             ... led by Robin
              (5 damage)
             ... on level 3 of the Dungeon.
             The game lasted 00:02:28 (2707 turns).

protoss039 the Digger (DsEE)                        Turns: 2707, Time: 00:02:28

Health: -3/33      AC:  3    Str:  9    XL:     4   Next: 62%
Magic:  2/8        EV: 12    Int: 18    God:
Gold:   27         SH:  0    Dex: 13    Spells: 3/9 levels left

rFire   . . .      SeeInvis .   s - +0 spear
rCold   . . .      Faith    .   (no shield)
rNeg    + . .      Spirit   .   a - +0 robe
rPois   .          Reflect  .   (no helmet)
rElec   .          Harm     .   n - +0 cloak
rCorr   .          Rampage  .   (no gloves)
Will    .....                   (no boots)
Stlth   ++........              (no amulet)
HPRegen 0.11/turn               m - ring of positive energy
MPRegen 0.11/turn               (no ring)

@: mighty
A: hooves 2
a: no special abilities


You were on level 3 of the Dungeon.
You visited 1 branch of the dungeon, and saw 3 of its levels.

You collected 27 gold pieces.

Inventory:

Hand Weapons
 s - a +0 spear (weapon)
 u - a +0 dagger of protection
Armour
 a - a +0 robe (worn)
 n - a +0 cloak (worn)
Jewellery
 m - a ring of positive energy (left hand)
Wands
 t - a wand of iceblast (7)
Scrolls
 c - a scroll of noise {unknown}
 e - 4 scrolls of identify
 f - a scroll of vulnerability
 i - a scroll of enchant armour {unknown}
 j - 3 scrolls of magic mapping {unknown}
 k - 2 scrolls of fear {unknown}
 o - a scroll of amnesia {unknown}
Potions
 b - a potion of magic
 d - a potion of invisibility {unknown}
 g - a potion of might
 h - a potion of resistance {unknown}
 l - 2 potions of cancellation {unknown}
 p - a potion of mutation {unknown}
 q - a potion of berserk rage {unknown}
 r - a potion of degeneration {unknown}
 v - 2 potions of heal wounds {unknown}


   Skills:
 + Level 2.2 Fighting
 - Level 1.7 Dodging
 - Level 1.7 Stealth
 + Level 3.0 Spellcasting
 + Level 0.8 Conjurations
 - Level 0.8 Transmutations
 + Level 3.5 Earth Magic


You had 3 spell levels left.
You knew the following spells:

 Your Spells              Type           Power      Damage    Failure   Level
a - Sandblast             Erth           30%        2d9       3%          1
b - Passwall              Tmut/Erth      8%         N/A       10%         2
c - Stone Arrow           Conj/Erth      20%        3d8       21%         3

Your spell library contained the following spells:

 Spells                   Type           Power      Damage    Failure   Level
 Petrify                  Tmut/Erth      10%        N/A       54%         4


Dungeon Overview and Level Annotations

Branches:
Dungeon (3/15) Zot: 15256

Altars:

Annotations:
D:3 Robin


Innate Abilities, Weirdness & Mutations

You have hoof-like feet.


Message History

Aiming: Sandblast (safe; 3% risk of failure)
Press: ? - help, Shift-Dir - straight line, f - Robin, p - goblin
Aim: Robin, wielding a +1 falchion of holy wrath, wearing a +0 animal skin and wearing a +1 helmet (87% to hit)
The blast of sand hits the goblin.
You kill the goblin!
The goblin hits you with a +0 club. The jackal bites you.
Your magical contamination has completely faded away.
Unknown command.
Casting: Sandblast (safe; 3% risk of failure)
Confirm with . or Enter, or press ? or * to list all spells.
Aiming: Sandblast (safe; 3% risk of failure)
Press: ? - help, Shift-Dir - straight line, f/p - Robin
Aim: Robin, wielding a +1 falchion of holy wrath, wearing a +0 animal skin and wearing a +1 helmet (87% to hit)
The blast of sand misses the jackal.
The blast of sand hits Robin.
Robin is moderately wounded.
The jackal bites you but does no damage.
The goblin hits you but does no damage. The goblin barely misses you.
Robin throws the goblin at you! The goblin hits you with a +0 club.
The jackal completely misses you. The goblin hits you but does no damage.
The goblin hits you with a +0 club.
* * * LOW HITPOINT WARNING * * *
The goblin hits you with a +0 club.
* * * LOW HITPOINT WARNING * * *
Unknown command.
Unknown command.
As you read the scroll labelled ERUANORERA, it crumbles to dust.
It is a scroll of identify.
f - a scroll of vulnerability The hobgoblin no longer looks unusually strong.
The goblin no longer looks unusually strong. x2
The jackal closely misses you. The goblin closely misses you. x2
The goblin hits you with a +0 club.
* * * LOW HITPOINT WARNING * * *
Unknown command.
Okay, then.
It was a potion of might.
You feel very mighty all of a sudden. The jackal completely misses you.
The goblin completely misses you. The goblin hits you with a +0 club.
You die...

#### ############
##≈≈..#...#......#
#≈≈≈..)...'.ggg..#
##≈≈≈..#...#..@hg.#
#≈≈#########..##''#
###≈≈#..........#.).#
#....†..........#..)#
#....'.....)....#.gh#
#....'....[.....#g..#
#.#≈≈#..........#...#
#.#≈≈#########..#...#
..##≈≈≈..#...#..#...#


You could see a jackal, a hobgoblin and 3 goblins.

Vanquished Creatures
  A hound (D:3)
  2 adders (D:2)
  A dart slug (D:1)
  8 endoplasms
  6 giant cockroaches
  5 hobgoblins
  2 jackals (D:3)
  2 quokkas
  2 ball pythons
  4 bats
  A frilled lizard (D:1)
  15 goblins
  5 rats
54 creatures vanquished.

Notes
Turn   | Place    | Note
-------+----------+-------------------------------------------
     0 | D:1      | protoss039 the Demonspawn Earth Elementalist began the
                  | quest for the Orb.
     0 | D:1      | Reached XP level 1. HP: 13/13 MP: 3/3
   367 | D:1      | Found a faded altar of an unknown god.
   700 | D:1      | Gained mutation: You have large cloven feet. [demonic
                  | ancestry]
   700 | D:1      | Reached XP level 2. HP: 19/20 MP: 3/5
  1001 | D:1      | Reached skill level 1 in Fighting
  1627 | D:1      | Learned a level 2 spell: Passwall
  1641 | D:2      | Reached XP level 3. HP: 26/26 MP: 3/6
  2431 | D:2      | Learned a level 3 spell: Stone Arrow
  2518 | D:3      | Gained mutation: You have hoof-like feet. [demonic
                  | ancestry]
  2518 | D:3      | Reached XP level 4. HP: 29/33 MP: 3/8
  2695 | D:3      | Noticed Robin
  2707 | D:3      | Slain by a goblin

Illustrated notes

Levels and vault maps discovered:
D:1:      kennysheep_arrival_forest, layout_loops_corners,
          nicolae_ecumenical_snake_handling
D:2:      layout_rooms
D:3:      kennysheep_goblin_castle, layout_basic,
          mainiacjoe_overflow_catwalk_spiral

Skill      XL: |  1  2  3  4 |
---------------+-------------+-----
Fighting       | 1 2 |  2.2
Earth Magic    | 3 |  3.5
Spellcasting   | 3 |  3.0
Dodging        | |  1.7
Stealth        | |  1.7
Conjurations   | |  0.8
Transmutations | |  0.8

Action                   |  1- 3 |  4- 6 || total
-------------------------+-------+-------++-------
Melee: Unarmed           |    34 |       ||    34
       Club              |    11 |       ||    11
       Punch             |     1 |       ||     1
       Dagger            |    33 |       ||    33
       Kick              |    10 |     1 ||    11
       Spear             |    23 |     7 ||    30
 Cast: Sandblast         |    51 |    13 ||    64
  Use: Scroll            |       |     1 ||     1
       Potion            |       |     1 ||     1
 Stab: Sleeping          |     5 |     1 ||     6
Armor: Robe              |    30 |     6 ||    36
Dodge: Dodged            |   114 |    19 ||   133
